 Dungeon Crawl Stone Soup version 0.31-a0-986-g5e6e4ef867 (webtiles) character file.

Game seed: 3027286505971916330

3082 sammy202020 the Mimic (level 9, 0/71 HPs)
             Began as a Demonspawn Shapeshifter on Nov 24, 2023.
             Was an Initiate of Gozag.
             Succumbed to a killer bee's poison
             ... on level 9 of the Dungeon.
             The game lasted 00:14:03 (8007 turns).

sammy202020 the Mimic (Demonspawn Shapeshifter)     Turns: 8007, Time: 00:14:04

Health: 0/71       AC: 16    Str: 20    XL:     9   Next: 58%
Magic:  9/9        EV:  9    Int: 13    God:    Gozag
Gold:   141        SH:  0    Dex: 12    Spells: 8/8 levels left

rFire   + .          .
                       - Unarmed
rCold   + . .        (shield currently unavailable)
rNeg    . . .        D - +0 plate armour {rC+}
rPois   .            n - +1 helmet
rElec   .            (no cloak)
rCorr   .            x - +1 pair of gloves
SInv    +            (no boots)
Will    .....        (no amulet) Stlth
                     t - +4 ring of slaying
HPRegen 0.31/turn    q - ring of see invisible
MPRegen 0.11/turn

%: no passive effects
@: mighty, lethally poisoned (0 -> -2), about to teleport, flux-form, gold aura,
glowing, studying Shapeshifting
A: glow, contaminating, powered by pain 2, sturdy frame 2, demonic magic 1,
weakness stinger 1
a: Begin Untransformation, Renounce Religion, Potion Petition, Call Merchant,
Bribe Branch


You were on level 9 of the Dungeon.
You worshipped Gozag.
Gozag was aware of your devotion.
You were something dangerously unstable.
You visited 2 branches of the dungeon, and saw 10 of its levels.

You collected 1013 gold pieces.
You spent 806 gold pieces at shops.
You paid 66 gold pieces to Gozag.

Inventory:

Missiles
 g - 17 poisoned darts
 h - 8 boomerangs
 j - a throwing net
Armour
 b - a +1 animal skin
 l - the +3 scale mail "Setapua" {rCorr}
   (You found it on level 4 of the Dungeon)

   rCorr:     It protects you from acid and corrosion.
 n - a +1 helmet (worn)
 x - a +1 pair of gloves (worn)
 D - a +0 plate armour of cold resistance (worn)
Jewellery
 i - a +6 ring of strength
 q - a ring of see invisible (right hand)
 r - a +5 ring of evasion
 t - a +4 ring of slaying (left hand)
Talismans
 c - a beast talisman
 e - the flux talisman of Autumn (active) {rF+ Str+2 Stlth+}
   (You found it on level 8 of the Dungeon)

   [flux talisman]

   Str+2:     It affects your strength (+2).
   rF+:       It protects you from fire.
   Stlth+:    It makes you more stealthy.
Wands
 y - a wand of acid (5) (quivered)
Scrolls
 a - a scroll of enchant armour
 m - 7 scrolls of identify
 v - 3 scrolls of revelation
 A - a scroll of teleportation
 C - a scroll of poison
Potions
 f - a potion of invisibility
 k - a potion of cancellation
 o - 2 potions of enlightenment
 s - 2 potions of might
 u - 3 potions of brilliance
 z - a potion of degeneration
 B - a potion of attraction


   Skills:
 * Level 6.7 Fighting
 + Level 4.1 Armour
 + Level 4.5 Dodging
 * Level 6.7 Unarmed Combat
 * Level 8.2 Shapeshifting


You had 8 spell levels left.
You didn't know any spells.
Your spell library contained the following spells:

 Spells                   Type           Power      Damage    Failure   Level
 Necrotise                Necr           0%         1d4       92%         1
 Cigotuvi's Dreadful Rot  Necr/Pois/Air  0%         N/A       98%         2
 Sublimation of Blood     Necr           0%         N/A       98%         2
 Ignite Poison            Fire/Tmut/Pois 0%         N/A       100%        3
 Vampiric Draining        Necr           0%         2d6       100%        3
 Petrify                  Tmut/Erth      0%         N/A       100%        4
 Agony                    Necr           0%         N/A       100%        5
 Freezing Cloud           Conj/Ice/Air   0%         6-21      100%        5
 Irradiate                Conj/Tmut      0%         3d11      100%        5


Dungeon Overview and Level Annotations

Branches:
Dungeon (9/15)             Temple (1/1) D:4            Lair (0/5) D:8
    Orc: D:9-12

Altars:
Ashenzari
Cheibriados
Dithmenos
Fedhas
Gozag
Hepliaklqana
Kikubaaqudgha
Makhleb
Nemelex Xobeh
Okawaru
Qazlal
Ru
Sif Muna
Trog
Uskayaw
Vehumet
Wu Jian
Xom
Yredelemnul

Shops:
D:2 (   D:8 [


Innate Abilities, Weirdness & Mutations

You are something dangerously unstable.
You glow with magical radiation, making you easy to see and hit.
Foes you strike become dangerously contaminated with magical radiation.
You are incapable of wielding weapons or throwing items.
You sometimes gain power by taking damage.
Your movements are less encumbered by armour. (ER -4)
Spells you cast may paralyse adjacent enemies.
You have a small tail.


Message History

There are monsters nearby!
Aiming: Corrosive Bolt
Press: ? - help, Q - select action, (/) - cycle Shift-Dir - straight line, f - killer bee
Aim: a killer bee (moderately wounded, 43% to hit)
The bolt of acid misses the killer bee.
Aiming: Corrosive Bolt
Press: ? - help, Q - select action, (/) - cycle Shift-Dir - straight line, f/p - killer bee
Aim: a killer bee (moderately wounded, 43% to hit)
The bolt of acid hits the killer bee!
The acid corrodes the killer bee!
You kill the killer bee!
The killer bee is distracted by your dazzling golden aura.
The killer bee is no longer distracted by gold.
There is an open door here.
The killer bee stings you but does no damage.
Aiming: Corrosive Bolt
Press: ? - help, Q - select action, (/) - cycle Shift-Dir - straight line, f - killer bee
Aim: a killer bee (43% to hit)
The bolt of acid misses the killer bee.
The killer bee barely misses you. x2
You closely miss the killer bee. The killer bee stings you.
* * * LOW HITPOINT WARNING * * *
You are poisoned.
The killer bee poisons you! The killer bee barely misses you.
You barely miss the killer bee.
You feel sick.
The killer bee stings you but does no damage.
You closely miss the killer bee. You tail-slap the killer bee!
The killer bee is heavily wounded.
You feel sick.
The killer bee stings you but does no damage. x2
You hit the killer bee.
The killer bee begins to glow.
The killer bee is almost dead.
You feel sick. The killer bee barely misses you. The killer bee stings you!
* * * LOW HITPOINT WARNING * * *
As you read the scroll of teleportation, it crumbles to dust.
You feel strangely unstable.
You feel sick. The killer bee stings you.
* * * LOW HITPOINT WARNING * * *
The killer bee stings you but does no damage.
It was a potion of magic.
Magic courses through your body.
You die...
Your body crumbles into a pile of gold.

#+# #.# #p# #y# ####+##
#.# #...... ######
#####'##### #......
...!Jy####.........#
#......
...yJy'.##.........###
#......
#yyy..$......'.####......
####.........#...##......
#.........###..'......


You could see a killer bee (contam).

Vanquished Creatures
  A queen bee (D:9)
  Sigmund (D:6)
  2 ice beasts (D:6)
  3 black bears
  3 ogres
  4 centaurs
  A phantom (D:4)
  Blork the orc (D:5)
  A bullfrog (D:8)
  A gnoll sergeant (D:7)
  5 scorpions
  4 wights (D:7)
  3 killer bees (D:9)
  A hound (D:4)
  A gnoll bouda (D:7)
  2 sleepcaps
  3 orc priests
  3 iguanas
  5 orc wizards
  Robin (D:2)
  11 gnolls
  7 adders
  A white imp (D:8)
  2 ufetubi
  5 worms
  8 dart slugs
  18 orcs
  9 bats
  7 endoplasms
  3 giant cockroaches (D:2)
  17 goblins
  5 hobgoblins
  8 jackals
  4 quokkas
  8 ball pythons
  5 frilled lizards
  7 kobolds
  8 rats
179 creatures vanquished.

Notes
Turn   | Place    | Note
-------+----------+-------------------------------------------
     0 | D:1      | sammy202020 the Demonspawn Shapeshifter began the quest for
                  | the Orb.
     0 | D:1      | Reached XP level 1. HP: 15/15 MP: 1/1
   191 | D:1      | Gained mutation: You sometimes gain a little power by
                  | taking damage. [demonic ancestry]
   191 | D:1      | Reached XP level 2. HP: 20/21 MP: 2/2
   394 | D:1      | Reached skill level 3 in Shapeshifting
   464 | D:1      | Gained mutation: You have a small tail. [demonic ancestry]
   464 | D:1      | Reached XP level 3. HP: 24/26 MP: 3/3
   681 | D:2      | Found a faded altar of an unknown god.
   808 | D:2      | Reached skill level 1 in Armour
  1016 | D:2      | Found Litigigh's Weapon Shop.
  1021 | D:2      | Gained mutation: Your movements are slightly less
                  | encumbered by armour. (ER -2) [demonic ancestry]
  1021 | D:2      | Reached XP level 4. HP: 33/33 MP: 4/4
  1177 | D:2      | Noticed Robin
  1200 | D:2      | Killed Robin
  1592 | D:3      | Reached XP level 5. HP: 11/39 MP: 5/5
  2102 | D:3      | Found an ancient bone altar of Kikubaaqudgha.
  2727 | D:3      | Identified a scroll of acquirement
  2727 | D:3      | Acquired a manual of Shapeshifting
  2868 | D:4      | Identified the +3 scale mail "Setapua" {rCorr}
  3101 | D:4      | Noticed an ogre
  3130 | D:4      | Killed an ogre
  3131 | D:4      | Reached skill level 4 in Shapeshifting
  3131 | D:4      | Gained mutation: You sometimes gain power by taking damage.
                  | [demonic ancestry]
  3131 | D:4      | Reached XP level 6. HP: 21/47 MP: 6/6
  3338 | D:4      | Found a staircase to the Ecumenical Temple.
  3355 | Temple   | Entered the Ecumenical Temple
  3364 | Temple   | Became a worshipper of Gozag Ym Sagoz the Greedy
  3476 | D:4      | Found a stormy altar of Qazlal.
  3565 | D:4      | Found a hide-covered altar of Uskayaw.
  3689 | D:4      | Gained mutation: Your movements are less encumbered by
                  | armour. (ER -4) [demonic ancestry]
  3689 | D:4      | Reached XP level 7. HP: 52/52 MP: 7/7
  3923 | D:5      | Entered Level 5 of the Dungeon
  3983 | D:5      | Found a shadowy altar of Dithmenos.
  4231 | D:5      | Noticed Blork the orc
  4244 | D:5      | Reached skill level 5 in Shapeshifting
  4263 | D:5      | Killed Blork the orc
  4497 | D:5      | Found a burning altar of Makhleb.
  4612 | D:5      | Reached skill level 5 in Unarmed Combat
  4612 | D:5      | Reached XP level 8. HP: 40/61 MP: 8/8
  4934 | D:6      | Reached skill level 6 in Shapeshifting
  5023 | D:6      | Reached skill level 5 in Fighting
  5331 | D:6      | Noticed Sigmund
  5340 | D:6      | Killed Sigmund
  5542 | D:7      | Reached skill level 7 in Shapeshifting
  6088 | D:7      | Gained mutation: Spells you cast may paralyse adjacent
                  | enemies. [demonic ancestry]
  6088 | D:7      | Reached XP level 9. HP: 38/69 MP: 9/9
  6431 | D:7      | Found a hazy altar of Hepliaklqana.
  7225 | D:8      | Found a staircase to the Lair.
  7360 | D:8      | Found a blossoming altar of Fedhas.
  7645 | D:8      | Found Vuxkar's Antique Armour Emporium.
  7652 | D:8      | Bought a shiny plate armour for 806 gold pieces
  7805 | D:8      | Identified the flux talisman of Autumn {rF+ Str+2 Stlth+}
  7955 | D:9      | Noticed a queen bee
  7969 | D:9      | Killed a queen bee
  7970 | D:9      | Reached skill level 8 in Shapeshifting
  8006 | D:9      | HP: 1/71 [killer bee (3)]
  8007 | D:9      | Succumbed to a killer bee's poison

Illustrated notes

Levels and vault maps discovered:
D:1:      matt_arrival_spirals, layout_rooms, minivault_24, feat_on_display
D:2:      layout_loops_ring, nicolae_ecumenical_snake_handling, serial_shops,
          shop, minmay_hexomino_u4, uniq_robin
D:3:      layout_basic, nicolae_kikubaaqudgha_miasma_corner,
          mainiacjoe_overflow_catwalk
D:4:      layout_loops_ring, mainiacjoe_overflow_concentric_impassable,
          chequers_temple_overflow_statue_of_worship,
          minmay_temple_entry_statues_fountains, serial_rivers,
          chequers_serial_rivers_micro_a, chequers_serial_rivers_marsh,
          chequers_serial_rivers_micro_d, chequers_serial_rivers_small_b,
          chequers_serial_rivers_large_b, chequers_serial_rivers_room_b,
          nrook_mini_vaults, minmay_surrounded
D:5:      layout_loops_ring, marbit_many_paths, lemuel_round_altar,
          chequers_serial_rivers_micro_b, uniq_blork_the_orc
D:6:      layout_rooms, uniq_sigmund
D:7:      layout_loops_corners, mainiacjoe_overflow_small_starburst,
          minmay_misc_feat_rugged
D:8:      layout_basic, nicolae_overflow_crystal_walls, lair_entry_dummy,
          serial_shops, shop
D:9:      layout_roguey [special_room_bee], zombieorc2_lemuel, serial_shops,
          kennysheep_little_box, jiyva_altar_1, uniq_erica
Temple:   dshaligram_water_room_temple

Skill      XL: |  1  2  3  4  5  6  7  8  9 |
---------------+----------------------------+-----
Shapeshifting  | 3 4 5 7 8 |  8.2
Unarmed Combat | 3 4 5 6 |  6.7
Dodging        | 2 3 4 |  4.5
Armour         | 1 2 3 4 |  4.1
Fighting       | 2 3 4 5 6 |  6.7

Action                     |  1- 3 |  4- 6 |  7- 9 || total
---------------------------+-------+-------+-------++-------
  Melee: Unarmed           |   120 |   166 |   321 ||   607
         Punch             |     2 |     3 |     8 ||    13
         Tailslap          |     5 |    22 |    52 ||    79
  Evoke: Wand              |       |       |     3 ||     3
    Use: Scroll            |     2 |     9 |     9 ||    20
         Potion            |       |     3 |     6 ||     9
   Stab: Distracted        |       |       |     4 ||     4
 Armour: Plate armour      |   136 |    72 |    46 ||   254
         Animal skin       |     5 |       |       ||     5
         Skin              |       |    20 |       ||    20
         Scale mail        |       |    32 |   164 ||   196
  Dodge: Dodged            |    38 |    90 |   316 ||   444
   Form: Flux              |       |       |     2 ||     2

Table legend: (Time is in decaauts)
 A = Elapsed time spent in this place.
 B = Non-inter-level travel time spent in this place.
 C = Inter-level travel time spent in this place.
 D = Time resting spent in this place.
 E = Time spent auto-exploring this place.
 F = Levels seen in this place.
 G = Mean time per level.
                   A        B        C        D        E       F      G
               +--------+--------+--------+--------+--------+-----+--------+
         Total |   7987 |   7947 |     40 |    959 |   5430 |  10 |  798.7 |
       Dungeon |   7959 |   7919 |     40 |    959 |   5430 |   9 |  884.3 |
        Temple |     27 |     27 |      0 |      0 |      0 |   1 |   27.0 |
               +--------+--------+--------+--------+--------+-----+--------+

Top non-repeatable levels by time:
     D:3: 1273 daAuts
     D:7: 1174 daAuts
     D:4: 1063 daAuts
     D:5: 968 daAuts
     D:2: 911 daAuts
     D:6: 907 daAuts
     D:8: 843 daAuts
     D:1: 659 daAuts
     D:9: 157 daAuts
  Temple: 27 daAuts
